 Dungeon Crawl Stone Soup version 0.22.0-75-g3901e79 (webtiles) character file.

37 Fang the Skirmisher (level 3, -8/24 HPs)
             Began as a Gargoyle Berserker on Sept 14, 2018.
             Was a Follower of Trog.
             Mangled by Sigmund
             ... wielding a +0 scythe
              (9 damage)
             ... on level 2 of the Dungeon.
             The game lasted 00:01:15 (1099 turns).

Fang the Skirmisher (Gargoyle Berserker)            Turns: 1099, Time: 00:01:16

Health: -8/24      AC:  5    Str: 21    XL:     3   Next: 39%
Magic:  3/3        EV: 12    Int:  7    God:    Trog [*.....]
Gold:   36         SH:  0    Dex:  9    Spells: 2/2 levels left

rFire    . . .     SeeInvis .   a - +0 hand axe
rCold    . . .     Gourm    .   (no shield)
rNeg     + . .     Faith    .   b - +0 animal skin
rPois    ∞         Spirit   .   (no helmet)
rElec    +         Reflect  .   (no cloak)
rCorr    .         Harm     .   (no gloves)
MR       .....                  (no boots)
Stlth    +.........             (no amulet)
HPRegen  0.08/turn              (no ring)
MPRegen  0.08/turn              (no ring)

@: no status effects
A: negative energy resistance 1, electricity resistance, unbreathing,
petrification resistance, rot immunity, AC +3
a: Berserk, Renounce Religion


You were on level 2 of the Dungeon.
You worshipped Trog.
Trog was aware of your devotion.
You were hungry.

You visited 1 branch of the dungeon, and saw 2 of its levels.

You collected 36 gold pieces.

Inventory:

Hand Weapons
 a - a +0 hand axe (weapon)
Armour
 b - a +0 animal skin (worn)
Jewellery
 h - an uncursed ring of fire {unknown}
Scrolls
 d - a scroll of remove curse {unknown}
 i - a scroll of enchant armour {unknown}
 j - a scroll of random uselessness {unknown}
Potions
 e - 2 potions of magic {unknown}
 f - 2 potions of curing {unknown}
 g - a potion of agility {unknown}
 k - a potion of degeneration {unknown}
Comestibles
 c - 2 rations


   Skills:
 + Level 4.1 Fighting
 + Level 3.0 Axes
 + Level 2.3 Armour
 + Level 1.9 Dodging


You had 2 spell levels left.
You didn't know any spells.
Your spell library was empty.

Dungeon Overview and Level Annotations

Branches:
Dungeon (2/15)

Altars:

Annotations:
D:2 Sigmund


Innate Abilities, Weirdness & Mutations

You are resistant to torment.
Your stone body is resilient. (AC +3)
You are immune to poison.
You resist negative energy. (rN+)
You are resistant to electric shocks. (rElec)
You can survive without breathing.
You are immune to petrification.
You are immune to rotting.


Message History

You are confused.
Something hits you! Something hits you!
* * * LOW HITPOINT WARNING * * *
You see here an adder corpse.
You are too injured to fight recklessly!
You're too confused!
You're too confused!
Something hits you.
* * * LOW HITPOINT WARNING * * *
Things that are here:
an uncursed hunting sling; 12 sling bullets; a goblin corpse You see here a sling bullet.
You feel less confused. Something hits you but does no damage.
You see here a sling bullet.
Something hits you but does no damage.
You see here a ration.
Something hits you!
You die...

#..#..# ........##.# #.....#
#..# #....# #....#
#..#######.##########
####....###>....# #...........
................# #.##........
#...............####.##...)....
.........†...........##........
.......†).((..%.# #####(.......
......$.....#(@<######.†....###
.####......#........##.)..###
#..##.#................# #.#
#.##.!....(..##...## #..
#.###........##...## # #..
#.##...##....#.[...#... ..#
#.##.#######........... ...
#.<......... .. ...............


There were no monsters in sight!

Vanquished Creatures
  An adder (D:2)
  2 leopard geckos
  A giant cockroach (D:2)
  4 goblins
  3 hobgoblins
  3 bats
  2 frilled lizards
  8 kobolds
  A rat (D:2)
25 creatures vanquished.

Notes
Turn   | Place    | Note
-------+----------+-------------------------------------------
     0 | D:1      | Fang the Gargoyle Berserker began the quest for the Orb.
     0 | D:1      | Reached XP level 1. HP: 14/14 MP: 1/1
   379 | D:1      | Reached XP level 2. HP: 19/20 MP: 2/2
  1048 | D:2      | Reached skill level 4 in Fighting
  1063 | D:2      | Reached XP level 3. HP: 24/24 MP: 3/3
  1083 | D:2      | Noticed Sigmund
  1092 | D:2      | HP: 1/24 [something (3)]
  1099 | D:2      | Mangled by Sigmund

Skill      XL: |  1  2  3 |
---------------+----------+-----
Fighting       | 4 |  4.1
Axes           | 3 |  3.0
Armour         | |  2.3
Dodging        | |  1.9

Action                   || total
-------------------------++-------
Melee: Hand axe          ||    79
Armor: Animal skin       ||    33
Dodge: Dodged            ||    58
